 Dungeon Crawl Stone Soup version 0.19.0-19-g8c6edcc (webtiles) character file.

840 Charly the Cleaver (level 7, 0/93 HPs)
             Began as a Minotaur Berserker on Nov 15, 2016.
             Was a Believer of Trog.
             Shot with an arrow by a centaur warrior (12 damage)
             ... on level 8 of the Dungeon.
             The game lasted 00:06:20 (824 turns).

Charly the Cleaver (Minotaur Berserker)              Turns: 824, Time: 00:06:20

Health: 0/93       AC: 23    Str: 21    XL:     7   Next: 67%
Magic:  6/6        EV:  2    Int:  4    God:    Trog [**....]
Gold:   131        SH:  0    Dex: 12    Spells: 0 memorised, 6 levels left

rFire  + . .     SeeInvis .     a - +0 hand axe
rCold  + . .     Gourm    .     (armour currently unavailable)
rNeg   + + +     Faith    .     (no shield)
rPois  +         Spirit   .     (helmet currently unavailable)
rElec  .         Reflect  .     (cloak currently unavailable)
rCorr  .         Harm     .     (gloves currently unavailable)
MR     .....     NoTele   +     (boots currently unavailable)
Stlth  +.........               (no amulet)
                                r - ring of protection from cold
                                g - ring of protection from fire

@: confused, tree-form
A: (retaliatory headbutt), (horns 0)
a: Berserk, Trog's Hand, Burn Spellbooks, Renounce Religion


You were on level 8 of the Dungeon.
You worshipped Trog.
Trog was pleased with you.
You were not hungry.
You were a tree.
You visited 1 branch of the dungeon, and saw 8 of its levels.

You collected 131 gold pieces.

Inventory:

Hand Weapons
 a - a +0 hand axe (weapon)
Armour
 b - a +0 animal skin (melded)
 i - a +0 cloak (melded)
Jewellery
 g - a ring of protection from fire (left branch)
 r - a ring of protection from cold (right branch)
Wands
 u - a wand of teleportation (5/9)
Scrolls
 d - 4 scrolls of identify {unknown}
 f - 2 scrolls of noise {unknown}
 k - a scroll of remove curse {unknown}
 m - a scroll of blinking {unknown}
 p - a scroll of random uselessness {unknown}
 q - a scroll of teleportation {unknown}
 s - a scroll of amnesia {unknown}
Potions
 e - 2 potions of ambrosia
 h - a potion of berserk rage {unknown}
 j - 2 potions of haste {unknown}
 l - a potion of resistance {unknown}
 o - 2 potions of lignification
 t - a potion of agility {unknown}
 v - a potion of flight {unknown}
Comestibles
 c - 4 bread rations
 n - a meat ration


   Skills:
 + Level 5.8 Fighting
 * Level 10.0 Axes
 - Level 2.4 Armour
 - Level 2.1 Dodging


You had 6 spell levels left.
You didn't know any spells.

Dungeon Overview and Level Annotations

Branches:
Dungeon (8/15)
 Temple: D:4-7         Lair: D:8-11

Altars:

Shops:
D:7 %


Innate Abilities, Weirdness & Mutations

((You reflexively headbutt those who attack you in melee.))
((You have a pair of horns on your head.))


Message History

You see here an arrow.
The centaur warrior shoots an arrow.
The arrow barely misses you.
A hill giant comes into view. It is wielding a giant club.
Unknown command.
It was a potion of lignification.
You turn into a tree.
Your +0 cloak melds into your body.
Your +0 animal skin melds into your body.
Your roots penetrate the ground.
The hill giant shouts!
The centaur warrior shoots an arrow.
The arrow hits you!
* * * LOW HITPOINT WARNING * * *
The centaur warrior shoots an arrow.
The arrow barely misses you.
You fail to use your ability.
The centaur warrior shoots an arrow.
The arrow hits you!
* * * LOW HITPOINT WARNING * * *
Unknown command.
It was a potion of ambrosia.
You are confused.
You feel invigorated.
The centaur warrior shoots an arrow.
The arrow hits you!
You die...

#...# ####..# ##
#.#.###....# #.
#.#...#<...## #
##.##...........##
..#................#
#..................#
...................#
#c......(.........##
#.....♣(..........####
#.........###........#.
#.........# ###..###...
#...#..C..# ##........
.......$..#####.....###.
..?.....#.....#.....#
#......######....(..#
.....#. ###.....####
#####.........


You could see a hill giant and a centaur warrior.

Vanquished Creatures
  Eustachio (D:4)
  A hungry ghost (D:8)
  The ghost of Charly the Chopper, an amateur MiBe of Trog (D:4)
  2 ogres
  A bullfrog (D:8)
  2 scorpions
  A crimson imp (D:7)
  A worker ant (D:7)
  A hound skeleton (D:4)
  4 adders
  A shadow imp (D:7)
  2 dart slugs
  2 leopard geckos
  A ball python (D:5)
  A giant cockroach (D:1)
  5 goblins
  A hobgoblin (D:1)
  A quokka (D:7)
  A bat (D:1)
  A frilled lizard (D:2)
  A kobold (D:2)
  A quokka skeleton (D:4)
  3 rats
36 creatures vanquished.

Notes
Turn   | Place    | Note
-------+----------+-------------------------------------------
     0 | D:1      | Charly the Minotaur Berserker began the quest for the Orb.
     0 | D:1      | Reached XP level 1. HP: 19/19 MP: 0/0
    54 | D:1      | Reached skill level 4 in Axes
    68 | D:1      | Reached XP level 2. HP: 18/26 MP: 1/1
   148 | D:2      | Reached skill level 5 in Axes
   173 | D:2      | Reached XP level 3. HP: 21/31 MP: 2/2
   307 | D:4      | Noticed a scorpion
   319 | D:4      | Killed a scorpion
   319 | D:4      | Reached skill level 6 in Axes
   319 | D:4      | Reached XP level 4. HP: 39/39 MP: 3/3
   352 | D:4      | Reached ** piety under Trog
   386 | D:4      | Noticed Charly's ghost (amateur MiBe)
   395 | D:4      | Killed Charly's ghost
   395 | D:4      | Reached skill level 7 in Axes
   395 | D:4      | Reached XP level 5. HP: 31/45 MP: 4/4
   452 | D:4      | Noticed an ogre
   462 | D:4      | Killed an ogre
   462 | D:4      | Reached skill level 8 in Axes
   462 | D:4      | Reached XP level 6. HP: 46/52 MP: 5/5
   492 | D:4      | Noticed Eustachio
   502 | D:4      | Killed Eustachio
   564 | D:5      | Entered Level 5 of the Dungeon
   698 | D:7      | Reached skill level 5 in Fighting
   698 | D:7      | Reached skill level 9 in Axes
   698 | D:7      | Reached XP level 7. HP: 38/61 MP: 6/6
   708 | D:7      | Found Tuif's Food Shoppe.
   758 | D:8      | Noticed a hungry ghost
   772 | D:8      | Killed a hungry ghost
   772 | D:8      | Reached skill level 10 in Axes
   820 | D:8      | Noticed a centaur warrior
   822 | D:8      | Noticed a hill giant
   824 | D:8      | Shot with an arrow by a centaur warrior

Skill      XL: |  1  2  3  4  5  6  7 |
---------------+----------------------+-----
Axes           | 4 5 6 7 8 9 10 | 10.0
Fighting       | 4 5 |  5.8
Armour         | |  2.4
Dodging        | |  2.1

Action                   |  1- 3 |  4- 6 |  7- 9 || total
-------------------------+-------+-------+-------++-------
Melee: Hand axe          |    41 |    40 |    21 ||   102
       Headbutt          |     5 |     6 |     3 ||    14
Invok: Berserk           |     2 |     4 |     2 ||     8
       Trog's Hand       |       |       |     2 ||     2
  Use: Potion            |       |       |     2 ||     2
 Stab: Sleeping          |       |     1 |       ||     1
  Eat: Bread ration      |       |     1 |       ||     1
       Pizza             |       |     1 |       ||     1
       Meat ration       |       |       |     1 ||     1
       Chunk             |       |       |     1 ||     1
Armor: Animal skin       |    11 |     3 |     1 ||    15
Dodge: Dodged            |    26 |    18 |     8 ||    52
